 Dungeon Crawl Stone Soup version 0.31-a0-204-g7da18cac08 (webtiles) character file.

Game seed: 18243813259020625548

233 gelatine the Trooper (level 5, 0/42 HPs)
             Began as a Demonspawn Fighter on June 27, 2023.
             Slain by a gnoll
             ... wielding a +0 halberd
              (2 damage)
             ... on level 4 of the Dungeon.
             The game lasted 00:07:37 (2645 turns).

gelatine the Trooper (Demonspawn Fighter)           Turns: 2645, Time: 00:07:37

Health: 0/42       AC:  6    Str: 19    XL:     5   Next: 74%
Magic:  0/5        EV: 15    Int:  9    God:
Gold:   131        SH:  5    Dex: 18    Spells: 4/4 levels left

rFire   . . .        a - +0 war axe
rCold   . . .        c - +0 buckler
rNeg    . . .        n - +0 ring mail
rPois   .            (no helmet)
rElec   .            (no cloak)
rCorr   .            h - +0 pair of gloves
SInv    .            (no boots)
Will    .....        (no amulet)
Stlth   +            l - +6 ring of dexterity
HPRegen 0.27/turn    w - +5 ring of evasion
MPRegen 0.18/turn

%: guardian spirit
@: no status effects
A: demonic guardian 1, magic shield, magic regeneration
a: no special abilities


You were on level 4 of the Dungeon.
You visited 1 branch of the dungeon, and saw 4 of its levels.

You collected 151 gold pieces.
You spent 20 gold pieces at shops.

Inventory:

Hand Weapons
 a - a +0 war axe (weapon)
 b - a +3 sling
 t - a +2 hand axe of freezing
Armour
 c - a +0 buckler (worn)
 f - a +0 chain mail
 h - a +0 pair of gloves (worn)
 k - a +0 leather armour
 n - a +0 ring mail (worn)
 s - a +0 plate armour
 u - a +0 scale mail
Jewellery
 l - a +6 ring of dexterity (left hand)
 o - a ring of resist corrosion
 w - a +5 ring of evasion (right hand)
 x - a +5 ring of evasion
Scrolls
 g - a scroll of silence
 i - a scroll of torment {unknown}
 j - a scroll of fog {unknown}
 m - a scroll of teleportation {unknown}
 r - a scroll of amnesia {unknown}
 v - a scroll of immolation {unknown}
Potions
 d - a potion of might
 e - 3 potions of heal wounds
 p - a potion of berserk rage
 q - a potion of enlightenment {unknown}


   Skills:
 * Level 3.8 Fighting
 * Level 3.5 Axes
 * Level 3.5 Armour
 * Level 1.2 Dodging
 * Level 3.4 Shields


You had 4 spell levels left.
You didn't know any spells.
Your spell library contained the following spells:

 Spells                   Type           Power      Damage    Failure   Level
 Apportation              Tloc           0%         N/A       65%         1
 Kiss of Death            Conj/Necr      0%         2d5       65%         1
 Blink                    Tloc           0%         N/A       78%         2
 Lesser Beckoning         Tloc           0%         N/A       78%         2
 Momentum Strike          Conj/Tloc      0%         3d8       78%         2
 Confusing Touch          Hex            0%         N/A       95%         3
 Vhi's Electric Charge    Tloc/Air       0%         N/A       95%         3
 Dispel Undead            Necr           0%         3d6       100%        4
 Alistair's Intoxication  Tmut/Pois      0%         N/A       100%        5
 Arcjolt                  Conj/Air       0%         1d10      100%        5
 Maxwell's Capacitive Co  Air            0%         ∞         100%        8


Dungeon Overview and Level Annotations

Branches:
Dungeon (4/15)
 Temple: D:4-7

Altars:
Nemelex Xobeh
Qazlal

Shops:
D:1 ?*!(

Annotations:
D:4 1 runed translucent door, innerfire43's ghost, novice DsMo


Innate Abilities, Weirdness & Mutations

A weak demonic guardian rushes to your aid.
When hurt, damage is shared between your health and your magic reserves.
You regenerate magic rapidly.


Message History

You shoot a sling bullet.
The sling bullet completely misses the endoplasm.
A gnoll comes into view. It is wielding a +0 club.
You shoot a sling bullet. The sling bullet hits the endoplasm.
The endoplasm is severely wounded.
The gnoll drinks a potion.
The gnoll goes berserk!
You shoot a sling bullet. The sling bullet hits the endoplasm!
You kill the endoplasm!
The gnoll closely misses you.
a - a +0 war axe (weapon)
The gnoll misses you. The gnoll hits you with a +0 halberd!
A demonic guardian appears!
You slash the gnoll!
The gnoll is heavily wounded.
The gnoll closely misses you. You block the gnoll's attack.
You hit the gnoll but do no damage.
The gnoll is heavily wounded.
The gnoll hits you with a +0 halberd!
The gnoll throws a throwing net.
The throwing net misses your ufetubus. The throwing net hits you.
You become entangled in the net!
Your ufetubus barely misses the gnoll.
Your ufetubus closely misses the gnoll.
The gnoll barely misses you. The gnoll closely misses you.
The gnoll hits your ufetubus with a +0 club.
Your ufetubus barely misses the gnoll.
Your ufetubus closely misses the gnoll.
You struggle against the net.
The gnoll hits you with a +0 halberd.
Your ufetubus hits the gnoll.
Your ufetubus closely misses the gnoll.
The gnoll hits you with a +0 halberd!!
* * * LOW HITPOINT WARNING * * *
The gnoll hits your ufetubus with a +0 club.
Your ufetubus dies!
Your ufetubus disappears in a puff of smoke!
The gnoll hits you but does no damage.
You tear a large gash into the net.
The gnoll barely misses you. x2
Unknown command.
You shred the net and break free! The gnoll closely misses you. x3
The gnoll completely misses you. The gnoll closely misses you.
Found a stone staircase leading up.
The gnoll hits you from afar with a +0 halberd.
You die...

... .. .. #..# .# ..# .....
.##.# ...# .... ## #..# ..#
#8###g.###.## #_≈≈##.g#...##
#..≈≈##g.....###<
##...≈≈#..@....... .. #
#8_...§§.........# #...
##...≈≈#.......... ##..#
#..≈§##.##..##....####....
#_≈≈##......# ....#......
#8###......## ..........#
####..###..# # #........#
..####...####..##.####....##.#
#......†..##.....##.#.....##..


You could see 3 gnolls.

Vanquished Creatures
  An orc wizard (D:4)
  Natasha (twice) (D:3)
  A gnoll (D:4)
  3 adders
  5 dart slugs
  7 orcs
  3 bats
  6 endoplasms
  A giant cockroach (D:2)
  5 goblins
  10 hobgoblins
  6 jackals
  A quokka (D:4)
  9 ball pythons
  5 frilled lizards
  7 kobolds
  4 rats
76 creatures vanquished.

Vanquished Creatures (collateral kills)
  Natasha (D:3)
1 creature vanquished.

Grand Total: 77 creatures vanquished

Notes
Turn   | Place    | Note
-------+----------+-------------------------------------------
     0 | D:1      | gelatine the Demonspawn Fighter began the quest for the
                  | Orb.
     0 | D:1      | Reached XP level 1. HP: 18/18 MP: 1/1
   128 | D:1      | Found Wonij's Antique Weapon Emporium.
   162 | D:1      | Gained mutation: You regenerate magic rapidly. [demonic
                  | ancestry]
   162 | D:1      | Reached XP level 2. HP: 24/24 MP: 2/2
   366 | D:1      | Found Tierph's Assorted Antiques.
   373 | D:1      | Found Ucloelab's Distillery.
   548 | D:1      | Found Obro Bomm's Magic Scroll Shop.
   559 | D:1      | Bought a scroll of identify for 20 gold pieces
   584 | D:2      | Gained mutation: When hurt, damage is shared between your
                  | health and your magic reserves. [demonic ancestry]
   584 | D:2      | Reached XP level 3. HP: 29/29 MP: 3/3
  1775 | D:3      | Gained mutation: A weak demonic guardian rushes to your
                  | aid. [demonic ancestry]
  1775 | D:3      | Reached XP level 4. HP: 26/35 MP: 4/4
  1918 | D:3      | Noticed Natasha
  1927 | D:3      | Killed Natasha
  1928 | D:3      | Reached skill level 1 in Dodging
  1977 | D:3      | Noticed Natasha
  1989 | D:3      | Killed Natasha
  2037 | D:3      | Reached XP level 5. HP: 40/41 MP: 5/5
  2116 | D:3      | Noticed Natasha
  2123 | D:3      | Killed Natasha
  2440 | D:4      | Found a runed translucent door.
  2441 | D:4      | Noticed innerfire43's ghost (novice DsMo)
  2613 | D:4      | Found a sparkling altar of Nemelex Xobeh.
  2613 | D:4      | Found a stormy altar of Qazlal.
  2641 | D:4      | HP: 1/42 [gnoll/+0 halberd (18)]
  2645 | D:4      | Slain by a gnoll

Illustrated notes

Levels and vault maps discovered:
D:1:      dpeg_arrival_short_road, layout_basic, serial_shops, shop, shop,
          nicolae_shop_crystal, shop, chequers_decorated_corner
D:2:      layout_basic
D:3:      layout_rooms, uniq_natasha
D:4:      layout_layer_cave, gammafunk_temple_overflow_claw, serial_shops,
          kennysheep_mini, ebering_ghost_reflecting_pool,
          guppyfry_early_lair_pool

Skill      XL: |  1  2  3  4 |
---------------+-------------+-----
Axes           | 2 3 |  3.5
Armour         | 3 |  3.5
Shields        | 3 |  3.4
Dodging        | 1 |  1.2
Fighting       | |  3.8

Action                     |  1- 3 |  4- 6 || total
---------------------------+-------+-------++-------
  Melee: War axe           |   112 |   106 ||   218
   Fire: Sling             |       |     8 ||     8
    Use: Scroll            |     2 |       ||     2
 Armour: Scale mail        |    21 |       ||    21
         Leather armour    |    14 |       ||    14
         Ring mail         |     9 |    43 ||    52
  Dodge: Dodged            |    62 |    59 ||   121
  Block: Buckler           |    27 |    29 ||    56

Table legend: (Time is in decaauts)
 A = Elapsed time spent in this place.
 B = Non-inter-level travel time spent in this place.
 C = Inter-level travel time spent in this place.
 D = Time resting spent in this place.
 E = Time spent auto-exploring this place.
 F = Levels seen in this place.
 G = Mean time per level.
                   A        B        C        D        E       F      G
               +--------+--------+--------+--------+--------+-----+--------+
         Total |   2740 |   2707 |     33 |      0 |   1936 |   4 |  685.0 |
       Dungeon |   2740 |   2707 |     33 |      0 |   1936 |   4 |  685.0 |
               +--------+--------+--------+--------+--------+-----+--------+

Top non-repeatable levels by time:
     D:2: 1203 daAuts
     D:1: 596 daAuts
     D:4: 478 daAuts
     D:3: 461 daAuts
